SNL (28 & UNDER)
KEY WEST BARRACUDAS @ BLACKIRON DRAGONS
09/06/2024
 
TOP OF THE 1ST
Key West Barracudas batting - Pitching for BlackIron Dragons : RHP Bill McKinney
Pitching: RHP Bill McKinney
Batting: RHB Victor Baker 0-0: Fly out, F9 (Flyball, 89M)
Batting: RHB Zander Tremblett 0-0: Foul Ball, location: 2F
0-1: Foul Ball, location: 2F
0-2: Ground out 5-3 (Groundball, 5S)
Batting: RHB Kenny Cole 0-0: Ball
1-0: Called Strike
1-1: Ball
2-1: Ball
3-1: Base on Balls
Batting: LHB Arturo López 0-0: Ball
1-0: Called Strike
1-1: Foul Ball, location: 2F
1-2: Foul Ball, location: 2F
1-2: Strikes out looking
Top of the 1st over - 0 run(s), 0 hit(s), 0 error(s), 1 left on base; Key West 0 - BlackIron 0
BOTTOM OF THE 1ST
BlackIron Dragons batting - Pitching for Key West Barracudas : LHP Luis Rodríguez
Pitching: LHP Luis Rodríguez
Batting: RHB Boyd Pittman 0-0: Ball
1-0: Ball
2-0: Ground out 5-3 (Groundball, 5S)
Batting: RHB José Colón 0-0: Called Strike
0-1: Swinging Strike
0-2: Ball
1-2: Ball
2-2: Foul Ball, location: 2F
2-2: Strikes out swinging
Batting: SHB Rick Turner 0-0: Ball
1-0: Fly out, F7 (Flyball, 7M)
Bottom of the 1st over - 0 run(s), 0 hit(s), 0 error(s), 0 left on base; Key West 0 - BlackIron 0
TOP OF THE 2ND
Key West Barracudas batting - Pitching for BlackIron Dragons : RHP Bill McKinney
Batting: RHB Luther Stoffels 0-0: Ball
1-0: SOLO HOME RUN (Flyball, 7D), Distance : 420 ft
Batting: LHB Domingo Ledesma 0-0: Ball
1-0: Ball
2-0: Ball
3-0: Called Strike
3-1: Base on Balls
Batting: RHB Carlos Miranda 0-0: Ball
1-0: Swinging Strike
1-1: Fly out, F9 (Flyball, 89D)
Batting: SHB Héctor Jiménez 0-0: Called Strike
0-1: Called Strike
0-2: Foul Ball, location: 2F
0-2: Ball
1-2: Foul Ball, location: 2F
1-2: Ground out 4-3 (Groundball, 4MS)
Domingo Ledesma to second
Batting: RHB Ramiro Gámez 0-0: Swinging Strike
0-1: Fly out, F9 (Flyball, 9M)
Top of the 2nd over - 1 run(s), 1 hit(s), 0 error(s), 1 left on base; Key West 1 - BlackIron 0
BOTTOM OF THE 2ND
BlackIron Dragons batting - Pitching for Key West Barracudas : LHP Luis Rodríguez
Batting: RHB Gil Palmer 0-0: Ball
1-0: Foul Ball, location: 2F
1-1: Ball
2-1: Foul Ball, location: 2F
2-2: Fly out, F7 (Flyball, 78XD)
Batting: RHB Edgardo Carrasco 0-0: Ball
1-0: Ball
2-0: Fly out, F4 (Popup, 34D)
Batting: RHB Leroy Jamison 0-0: Ball
1-0: Ball
2-0: Ball
3-0: Base on Balls
Batting: RHB Eugene Payne 0-0: Ball
1-0: Swinging Strike
1-1: Ball
2-1: Swinging Strike
2-2: Ball
3-2: Strikes out swinging
Bottom of the 2nd over - 0 run(s), 0 hit(s), 0 error(s), 1 left on base; Key West 1 - BlackIron 0
TOP OF THE 3RD
Key West Barracudas batting - Pitching for BlackIron Dragons : RHP Bill McKinney
Batting: RHB Victor Baker 0-0: Ground out 5-3 (Groundball, 5S)
Batting: RHB Zander Tremblett 0-0: Called Strike
0-1: Swinging Strike
0-2: Strikes out looking
Batting: RHB Kenny Cole 0-0: Ball
1-0: Called Strike
1-1: Ball
2-1: Called Strike
2-2: Ball
3-2: SINGLE (Line Drive, 34D)
Batting: LHB Arturo López 0-0: Ball
1-0: Fly out, F8 (Flyball, 78D)
Top of the 3rd over - 0 run(s), 1 hit(s), 0 error(s), 1 left on base; Key West 1 - BlackIron 0
BOTTOM OF THE 3RD
BlackIron Dragons batting - Pitching for Key West Barracudas : LHP Luis Rodríguez
Now at C: Dave Nelson
Batting: RHB Joaquín Rosales 0-0: SINGLE (Line Drive, 4MD)
Batting: LHB Donnie Cunningham 0-0: Ball
Pickoff Throw by Catcher to First - Out!
1-0: Ball
2-0: Called Strike
2-1: Ball
3-1: Called Strike
3-2: Strikes out swinging
Batting: RHB Boyd Pittman 0-0: Foul Ball, location: 2F
0-1: Called Strike
0-2: Ball
1-2: Foul Ball, location: 2F
1-2: Foul Ball, location: 2F
1-2: Foul Ball, location: 2F
1-2: Fly out, F8 (Flyball, 8LD)
Bottom of the 3rd over - 0 run(s), 1 hit(s), 0 error(s), 0 left on base; Key West 1 - BlackIron 0
TOP OF THE 4TH
Key West Barracudas batting - Pitching for BlackIron Dragons : RHP Bill McKinney
Batting: RHB Luther Stoffels 0-0: Ball
1-0: Ball
2-0: Foul Ball, location: 2F
2-1: Fly out, F8 (Line Drive, 8LXD)
Batting: LHB Domingo Ledesma 0-0: Called Strike
0-1: Foul Ball, location: 2F
0-2: Ball
1-2: Ground out 3-1 (Groundball, 3)
Batting: RHB Carlos Miranda 0-0: Ground out 1-3 (Groundball, 23)
Top of the 4th over - 0 run(s), 0 hit(s), 0 error(s), 0 left on base; Key West 1 - BlackIron 0
BOTTOM OF THE 4TH
BlackIron Dragons batting - Pitching for Key West Barracudas : LHP Luis Rodríguez
Batting: RHB José Colón 0-0: Swinging Strike
0-1: Ball
1-1: Fly out, F7 (Flyball, 7LM)
Batting: SHB Rick Turner 0-0: Ball
1-0: DOUBLE (Line Drive, 78D)
Batting: RHB Gil Palmer 0-0: Ball
Passed Ball!
Rick Turner to third
1-0: Ball
2-0: Ground out 6-3 (Groundball, 6M)
Rick Turner scores
Batting: RHB Edgardo Carrasco 0-0: Swinging Strike
0-1: Ball
1-1: Foul Ball, location: 2F
1-2: Strikes out swinging
Bottom of the 4th over - 1 run(s), 1 hit(s), 0 error(s), 0 left on base; Key West 1 - BlackIron 1
TOP OF THE 5TH
Key West Barracudas batting - Pitching for BlackIron Dragons : RHP Bill McKinney
Batting: SHB Héctor Jiménez 0-0: Called Strike
0-1: Called Strike
0-2: Fly out, F8 (Flyball, 8RM)
Batting: RHB Ramiro Gámez 0-0: Ball
1-0: Ground out 5-3 (Groundball, 5L)
Batting: RHB Victor Baker 0-0: Swinging Strike
0-1: Ball
1-1: Ball
2-1: Ball
3-1: Fly out, F7 (Flyball, 7S)
Top of the 5th over - 0 run(s), 0 hit(s), 0 error(s), 0 left on base; Key West 1 - BlackIron 1
BOTTOM OF THE 5TH
BlackIron Dragons batting - Pitching for Key West Barracudas : LHP Luis Rodríguez
Batting: RHB Leroy Jamison 0-0: Reached on error, E3 (Groundball, 3L)
Batting: RHB Eugene Payne 0-0: Ball
1-0: Ball
Leroy Jamison steals 2nd base
2-0: Called Strike
2-1: Ball
3-1: Foul Ball, location: 2F
3-2: Base on Balls
Batting: RHB Joaquín Rosales 0-0: Called Strike
0-1: Ball
1-1: Foul Ball, location: 2F
1-2: Ball
2-2: Foul Ball, location: 2F
2-2: Grounds into double play, 6-4-3 (Groundball, 6)
Leroy Jamison to third
Batting: LHB Donnie Cunningham 0-0: Ball
1-0: Ball
2-0: Ball
3-0: Called Strike
3-1: Base on Balls
Batting: RHB Boyd Pittman 0-0: Called Strike
0-1: Ball
1-1: SINGLE (Groundball, 6MD)
Leroy Jamison scores
Donnie Cunningham to second
Batting: RHB José Colón 0-0: Fly out, F8 (Flyball, 8LS)
Bottom of the 5th over - 1 run(s), 1 hit(s), 1 error(s), 2 left on base; Key West 1 - BlackIron 2
TOP OF THE 6TH
Key West Barracudas batting - Pitching for BlackIron Dragons : RHP Bill McKinney
Batting: RHB Dave Nelson 0-0: Ground out 4-3 (Groundball, 4M)
Batting: RHB Kenny Cole 0-0: DOUBLE (Line Drive, 78S)
Batting: LHB Arturo López 0-0: Ball
1-0: Reached on error, E4 (Groundball, 4)
Kenny Cole to third
Batting: RHB Luther Stoffels 0-0: Ball
1-0: Ball
2-0: Fly out, F9 (Flyball, 9M)
Runner from 3rd tags up, SCORES, throw made
Batting: LHB Domingo Ledesma 0-0: Ball
1-0: Ground out U3 (Groundball, 3)
Top of the 6th over - 1 run(s), 1 hit(s), 1 error(s), 1 left on base; Key West 2 - BlackIron 2
BOTTOM OF THE 6TH
BlackIron Dragons batting - Pitching for Key West Barracudas : LHP Luis Rodríguez
Batting: SHB Rick Turner 0-0: SINGLE (Groundball, 6M)
Batting: RHB Gil Palmer Balk!
Rick Turner to second
0-0: Ball
1-0: Ball
2-0: Swinging Strike
2-1: Swinging Strike
2-2: Ball
3-2: Base on Balls
Batting: RHB Edgardo Carrasco 0-0: Ball
1-0: Called Strike
1-1: Called Strike
1-2: Fly out, F6 (Popup, 4M)
Batting: RHB Leroy Jamison 0-0: Foul Ball, location: 2F
0-1: SINGLE (Groundball, 15) (infield hit)
Rick Turner to third
Gil Palmer to second
Batting: RHB Eugene Payne 0-0: Ball
1-0: Called Strike
1-1: DOUBLE (Line Drive, 89M)
Rick Turner scores
Gil Palmer scores
Leroy Jamison to third
Runner from 3rd tries for Home, SAFE, throw made home
Batting: RHB Joaquín Rosales 0-0: Intentional Walk
Pitching: RHP Sean Harden
Batting: LHB Donnie Cunningham 0-0: Fielders Choice at 2nd, 6-4 (Groundball, 6)
Eugene Payne to third
Batting: RHB Boyd Pittman 0-0: Foul Ball, location: 2F
0-1: Ball
1-1: Called Strike
1-2: Ball
2-2: Foul Ball, location: 2F
2-2: Ball
3-2: Foul Ball, location: 2F
3-2: Base on Balls
Donnie Cunningham to second
Batting: RHB José Colón 0-0: Called Strike
0-1: Ball
1-1: Fly out, F7 (Flyball, 7S)
Bottom of the 6th over - 3 run(s), 3 hit(s), 0 error(s), 3 left on base; Key West 2 - BlackIron 5
TOP OF THE 7TH
Key West Barracudas batting - Pitching for BlackIron Dragons : RHP Bill McKinney
Batting: RHB Carlos Miranda 0-0: Called Strike
0-1: Called Strike
0-2: Ball
1-2: Strikes out swinging
Batting: SHB Héctor Jiménez 0-0: Fly out, F5 (Popup, 5F)
Batting: RHB Ramiro Gámez 0-0: Ball
1-0: Ball
2-0: Foul Ball, location: 2F
2-1: Reached on error, E6 (Groundball, 6M)
Batting: RHB Victor Baker 0-0: Called Strike
0-1: Called Strike
0-2: Strikes out swinging
Top of the 7th over - 0 run(s), 0 hit(s), 1 error(s), 1 left on base; Key West 2 - BlackIron 5
BOTTOM OF THE 7TH
BlackIron Dragons batting - Pitching for Key West Barracudas : RHP Sean Harden
Batting: SHB Rick Turner 0-0: Ball
1-0: Foul Ball, location: 2F
1-1: Foul Ball, location: 2F
1-2: Ground out 1-3 (Groundball, 15)
Batting: RHB Gil Palmer 0-0: Foul Ball, location: 2F
0-1: Foul Ball, location: 2F
0-2: Ball
1-2: Strikes out looking
Batting: RHB Edgardo Carrasco 0-0: Ball
1-0: Called Strike
1-1: Called Strike
1-2: Foul Ball, location: 2F
1-2: Strikes out swinging
Bottom of the 7th over - 0 run(s), 0 hit(s), 0 error(s), 0 left on base; Key West 2 - BlackIron 5
TOP OF THE 8TH
Key West Barracudas batting - Pitching for BlackIron Dragons : RHP Bill McKinney
Pitching: RHP Juan Gutiérrez
Batting: RHB Dave Nelson 0-0: Ball
1-0: Ground out 6-3 (Groundball, 6M)
Batting: RHB Kenny Cole 0-0: Ball
1-0: Called Strike
1-1: Ball
2-1: Ball
3-1: Reached on error, E4 (Groundball, 4)
Batting: LHB Arturo López 0-0: Called Strike
0-1: Called Strike
0-2: Ball
1-2: Foul Ball, location: 2F
1-2: Strikes out swinging
Batting: RHB Luther Stoffels 0-0: Reached on error, E5 (Groundball, 5)
Kenny Cole to third
Batting: LHB Domingo Ledesma 0-0: Ball
1-0: Ball
2-0: Ball
3-0: Called Strike
3-1: Base on Balls
Luther Stoffels to second
Pinch Hitting: RHB Dan Craft 0-0: Ball
1-0: Ball
2-0: Ball
3-0: Called Strike
3-1: Ground out 4-3 (Groundball, 4)
Top of the 8th over - 0 run(s), 0 hit(s), 2 error(s), 3 left on base; Key West 2 - BlackIron 5
BOTTOM OF THE 8TH
BlackIron Dragons batting - Pitching for Key West Barracudas : RHP Sean Harden
Now in RF: Dan Craft
Batting: RHB Leroy Jamison 0-0: Called Strike
0-1: Called Strike
0-2: Ball
1-2: Ground out 6-3 (Groundball, 6)
Pitching: LHP José Morán
Batting: RHB Eugene Payne 0-0: Ground out 5-3 (Groundball, 5L)
Batting: RHB Joaquín Rosales 0-0: Fly out, F8 (Line Drive, 8LM)
Bottom of the 8th over - 0 run(s), 0 hit(s), 0 error(s), 0 left on base; Key West 2 - BlackIron 5
TOP OF THE 9TH
Key West Barracudas batting - Pitching for BlackIron Dragons : RHP Juan Gutiérrez
Pitching: RHP Eduardo Delgado
Batting: SHB Héctor Jiménez 0-0: Ball
1-0: Ball
2-0: Swinging Strike
2-1: Fly out, F4 (Popup, 4D)
Batting: RHB Ramiro Gámez 0-0: Ground out 6-3 (Groundball, 6M)
Batting: RHB Victor Baker 0-0: Called Strike
0-1: Ground out 1-3 (Groundball, 13S)
Top of the 9th over - 0 run(s), 0 hit(s), 0 error(s), 0 left on base; Key West 2 - BlackIron 5
This league is powered by Out of the Park Baseball, the baseball management simulation game for PC, Mac and Linux
Saturday, April 9th, 2016 - OOTP Baseball 16.8 Build 38